 Dungeon Crawl Stone Soup version 0.17.1-1-g73c8601 (webtiles) character file.

260 Nakatomy the Grave Robber (level 6, -2/46 HPs)
             Began as a Human Necromancer on Dec 27, 2015.
             Slain by a quasit (3 damage)
             ... while paralysed
             ... on level 5 of the Dungeon.
             The game lasted 00:27:38 (4966 turns).

Nakatomy the Grave Robber (Human Necromancer)       Turns: 4966, Time: 00:27:38

Health: -2/46      AC:  2    Str:  9      XL:     6   Next: 41%
Magic:  2/10       EV:  2    Int: 18      God:
Gold:   161        SH:  0    Dex:  0 (14) Spells: 4 memorised, 2 levels left

rFire  . . .     SeeInvis .     b - +0 hunting sling
rCold  . . .     Clarity  .     l - +0 robe
rNeg   . . .     SustAt   .     (no shield)
rPois  .         Gourm    .     (no helmet)
rElec  .         Spirit   .     (no cloak)
rCorr  .         Warding  .     (no gloves)
rMut   .         Stasis   .     (no boots)
MR     .....                    (no amulet)
Stlth  ..........               (no ring)
                                f - +2 ring of intelligence

@: paralysed, very slightly contaminated, slowed, lost dexterity, not resistant
to hostile enchantments, extremely unstealthy
A: no striking features
a: no special abilities


You were on level 5 of the Dungeon.
You were hungry.

You visited 1 branch of the dungeon, and saw 5 of its levels.

You collected 161 gold pieces.

Inventory:

Hand Weapons
 a - a +0 club
 b - a +0 hunting sling (weapon)
 h - a +0 short sword
Missiles
 g - 81 stones (quivered)
Armour
 l - a +0 robe (worn)
 u - the +1 chain mail of the Eight Tales {Dex+2, unknown}
   (You found it on level 4 of the Dungeon)

   It affects your dexterity (+2).
Jewellery
 f - a +2 ring of intelligence (left hand)
 t - an uncursed amulet of resist corrosion {unknown}
Scrolls
 d - 3 scrolls of fog {unknown}
 k - a scroll of remove curse {unknown}
 m - 2 scrolls of amnesia {unknown}
 o - a scroll of recharging {unknown}
 s - 2 scrolls of identify {unknown}
 v - 2 scrolls of enchant armour {unknown}
Potions
 i - 2 potions of cancellation {unknown}
 j - a potion of haste {unknown}
 n - 3 potions of degeneration {unknown}
 p - a potion of might {unknown}
 q - 2 potions of agility
 r - a potion of ambrosia {unknown}
 x - a potion of heal wounds {unknown}
Books
 e - a book of Necromancy

   Spells                             Type                      Level
   a - Pain                           Necromancy                   1
   b - Animate Skeleton               Necromancy                   1
   c - Vampiric Draining              Necromancy                   3
   d - Regeneration                   Charms/Necromancy            3
   e - Animate Dead                   Necromancy                   4
   f - Control Undead                 Necromancy                   4
Comestibles
 c - a bread ration
 w - a beef jerky


   Skills:
 + Level 2.6 Fighting
 + Level 2.5 Slings
 - Level 2.0 Dodging
 - Level 2.0 Stealth
 + Level 3.3 Spellcasting
 + Level 5.1 Necromancy


You had 2 spell levels left.
You knew the following spells:

 Your Spells              Type           Power        Failure   Level  Hunger
a - Pain                  Necr           ###.         1%          1    None
b - Animate Skeleton      Necr           N/A          1%          1    None
c - Vampiric Draining     Necr           ###.......   10%         3    ###....
d - Control Undead        Necr           ###.......   24%         4    ####...


Dungeon Overview and Level Annotations

Branches:
Dungeon (5/15)
 Temple: D:4-7

Altars:
Dithmenos
Elyvilon
Zin

Annotations:
D:2 Natasha


Message History

You shoot a stone. The stone closely misses the quasit.
The quasit bites you.
* * * LOW HITPOINT WARNING * * *
You feel clumsy. The quasit barely misses you. The quasit claws you.
* * * LOW HITPOINT WARNING * * *
Firing (i - inventory):
g - 82 stones (quivered)
Press: ? - help, Shift-Dir - straight line, f/p - quasit
Aim: a quasit You shoot a stone.
The stone misses the quasit.
The quasit bites you.
* * * LOW HITPOINT WARNING * * *
The quasit claws you but does no damage.
The quasit claws you.
* * * LOW HITPOINT WARNING * * *
The quasit closely misses you.
The quasit claws you but does no damage.
The quasit claws you.
* * * LOW HITPOINT WARNING * * *
You feel clumsy.
You have lost your dexterity.
The quasit bites you.
You die...

#...# #..
#...## ##..
#.... #....
#...#
#....##.$.##
#..........+
#..........#
#........<#
#....##@..#
#...##5..#
##........#
#.........#
#.........#
#.........#
#......(..#
##...####+#
#..(#


You could see a quasit.

Vanquished Creatures
  2 hounds (D:4)
  An orc wizard (D:4)
  A gnoll (D:3)
  7 adders
  2 oozes
  2 worms (D:2)
  2 giant geckos
  7 orcs (D:4)
  5 bats
  6 giant cockroaches
  7 hobgoblins
  10 jackals
  8 kobolds
  2 quokkas
  3 ball pythons
  3 giant newts
  7 goblins
  6 rats
81 creatures vanquished.

Vanquished Creatures (collateral kills)
  An orc (D:3)
  2 hobgoblins
  A ball python (D:3)
4 creatures vanquished.

Grand Total: 85 creatures vanquished

Notes
Turn   | Place    | Note
--------------------------------------------------------------
     0 | D:1      | Nakatomy the Human Necromancer began the quest for the Orb.
     0 | D:1      | Reached XP level 1. HP: 13/13 MP: 3/3
   240 | D:1      | Reached XP level 2. HP: 4/20 MP: 0/5
   596 | D:1      | Learned a level 1 spell: Animate Skeleton
   741 | D:1      | Reached skill level 1 in Fighting
  1134 | D:1      | Reached XP level 3. HP: 24/26 MP: 4/6
  1366 | D:2      | Learned a level 3 spell: Vampiric Draining
  1824 | D:2      | Reached XP level 4. HP: 32/32 MP: 7/7
  1839 | D:2      | Reached skill level 1 in Slings
  2064 | D:2      | Noticed Natasha
  2669 | D:3      | Reached XP level 5. HP: 38/38 MP: 7/9
  2675 | D:3      | Learned a level 4 spell: Control Undead
  2840 | D:3      | Found a shadowy altar of Dithmenos.
  2840 | D:3      | Found a white marble altar of Elyvilon.
  3826 | D:4      | Found a glowing silver altar of Zin.
  3894 | D:4      | Reached skill level 5 in Necromancy
  4213 | D:4      | Got a pearl-encrusted chain mail
  4290 | D:4      | Reached XP level 6. HP: 37/46 MP: 2/10
  4316 | D:4      | Noticed an ice beast
  4728 | D:4      | Noticed a phantom
  4800 | D:5      | Entered Level 5 of the Dungeon
  4965 | D:5      | HP: 2/46 [quasit (2)]
  4965 | D:5      | Lost dexterity.
  4966 | D:5      | Slain by a quasit

Action                   |  1- 3 |  4- 6 || total
-------------------------+-------+-------++-------
Melee: Unarmed           |     3 |       ||     3
       Club              |       |    11 ||    11
 Fire: Hunting sling     |    47 |   147 ||   194
 Cast: Pain              |    34 |    65 ||    99
       Animate Skeleton  |     5 |    13 ||    18
       Vampiric Draining |     1 |     1 ||     2
       Control Undead    |       |     3 ||     3
  Eat: Chunk             |     3 |    10 ||    13
